 Dungeon Crawl Stone Soup version 0.31.0-11-ge490571c62 (webtiles) character file.

Game seed: 6450328128944449530

15 browni3141 the Trooper (level 2, 0/27 HPs)
             Began as a Minotaur Fighter on Jan 27, 2024.
             Succumbed to a goblin's poison
             ... on level 3 of the Dungeon.
             The game lasted 00:00:12 (152 turns).

browni3141 the Trooper (Minotaur Fighter)            Turns: 152, Time: 00:00:13

Health: 0/27       AC:  7    Str: 20    XL:     2   Next: 34%
Magic:  1/1        EV:  9    Int:  5    God:
Gold:   28         SH:  4    Dex:  9    Spells: 1/1 levels left

rFire   . . .        a - +0 war axe
rCold   . . .        c - +0 buckler
rNeg    . . .        b - +0 scale mail
rPois   .            (helmet restricted)
rElec   .            (no cloak)
rCorr   .            (no gloves)
SInv    .            (no boots)
Will    .....        (no amulet) Stlth
                     (no ring)
HPRegen 0.24/turn    (no ring)
MPRegen 0.07/turn

%: no passive effects
@: lethally poisoned (0 -> -2)
A: horns 2, retaliatory headbutt
a: no special abilities


You were on level 3 of the Dungeon.
You visited 1 branch of the dungeon, and saw 3 of its levels.

You collected 28 gold pieces.

Inventory:

Hand Weapons
 a - a +0 war axe (weapon)
Armour
 b - a +0 scale mail (worn)
 c - a +0 buckler (worn)
Jewellery
 f - a +4 ring of protection
Potions
 d - a potion of might
 e - a potion of heal wounds {unknown}


   Skills:
 + Level 3.8 Fighting
 * Level 3.0 Axes
 + Level 3.8 Armour
 + Level 3.8 Shields


You had one spell level left.
You didn't know any spells.
Your spell library contained the following spells:

 Spells                   Type           Power      Damage    Failure   Level
 Sandblast                Erth           0%         2d4       88%         1
 Passwall                 Erth           0%         N/A       99%         3
 Stone Arrow              Conj/Erth      0%         3d7       99%         3
 Brom's Barrelling Bould  Conj/Erth      0%         2d3       100%        4


Dungeon Overview and Level Annotations

Branches:
Dungeon (3/15)

Altars:

Annotations:
D:3 Robin


Innate Abilities, Weirdness & Mutations

You have a pair of horns on your head.
You reflexively headbutt those who attack you in melee.


Message History

A jackal is nearby!
You barely miss the jackal. Your headbutt misses the jackal.
The jackal barely misses you. x2
You hit the jackal.
You kill the jackal!
You have reached level 2!
Found a stone staircase leading down.
You now have 28 gold pieces (gained 9).
f - a +4 ring of protection You open the door.
There is an open door here.
A ball python comes into view.
A ball python is nearby!
A ball python is nearby!
The ball python barely misses you. You block the ball python's attack.
You slash the ball python!
You kill the ball python!
No target in view!
No target in view!
There is an open door here.
There is a stone staircase leading down here.
You climb downwards.
The ball python hisses angrily.
There is a stone staircase leading up here.
A ball python is nearby!
A ball python is nearby!
A ball python is nearby!
You slash the ball python!
You kill the ball python!
No target in view!
You see here a staff of air.
A goblin comes into view. It is wielding a +0 club.
The goblin shouts!
You hear a shout! x2
A goblin is nearby!
A goblin is nearby!
A goblin is nearby!
A goblin is nearby!
A hobgoblin comes into view.
The hobgoblin shouts!
You hear a shout! x2
A goblin comes into view. It is wielding a +0 club.
You hear a shout!
A goblin comes into view.
It is wielding a +1 dagger of holy wrath.
The goblin shouts!
A hobgoblin comes into view.
A goblin comes into view. It is wielding a +0 dagger.
The hobgoblin shouts!
You block the goblin's attack.
A goblin comes into view. It is wielding a +0 dagger.
You completely miss the goblin.
A hobgoblin comes into view.
Robin of the Strong Arm comes into view.
They are wielding a +0 spear.
The hobgoblin shouts!
The goblin hits you with a +0 club. The goblin hits you but does no damage.
The hobgoblin hits you but does no damage.
Robin roars a battlecry!
The goblins go into a battle-frenzy!
You barely miss the goblin. Your headbutt misses the goblin.
You barely miss the hobgoblin. You hit the hobgoblin but do no damage.
You closely miss the goblin. The hobgoblin barely misses you.
You block the goblin's attack. The goblin barely misses you.
You furiously retaliate!
You headbutt the goblin!
You kill the goblin!
A goblin comes into view. It is wielding a +0 club.
You block the hobgoblin's attack. The goblin hits you with a +0 club.
The hobgoblin closely misses you. Robin throws the goblin at you!
The hobgoblin hits you but does no damage.
The goblin moves out of view.
You hit the goblin but do no damage. You barely miss the hobgoblin.
You hit the hobgoblin. You barely miss the goblin.
The goblin hits you with a +1 dagger of venom.
You are poisoned.
The hobgoblin closely misses you. The goblin barely misses you.
The hobgoblin misses you. You furiously retaliate!
You headbutt the hobgoblin!
You kill the hobgoblin!
Your Axes skill increases to level 3!
You slash the goblin!
You kill the goblin!
You slash the goblin!
You kill the goblin!
You hit the hobgoblin. You barely miss the goblin.
You feel very sick. The hobgoblin barely misses you.
The goblin hits you with a +0 dagger. You block the goblin's attack.
The goblin hits you but does no damage. The hobgoblin closely misses you.
You furiously retaliate!
You headbutt the hobgoblin, but do no damage.
You closely miss the goblin. Your headbutt misses the goblin.
You hit the goblin but do no damage. You barely miss the hobgoblin.
You feel sick. The hobgoblin barely misses you.
The goblin hits you with a +0 dagger. You block the goblin's attack.
You barely miss the hobgoblin. Your headbutt misses the hobgoblin.
The hobgoblin is severely wounded.
You barely miss the goblin. x2; You feel sick.
The hobgoblin hits you. The goblin hits you with a +0 dagger.
The goblin barely misses you.
You are too injured to fight recklessly!
You are too injured to fight recklessly!
You are too injured to fight recklessly!
You hit the goblin.
You kill the goblin!
You barely miss the goblin. You closely miss the hobgoblin.
You die...

#### ...# ###########
##.###########.)ggg..$..
...............)@)gg#
##.###########.####.....
##.#.# #... ...
.....##### ####.# .
.......... # .....####.
|....# .....# .....#


You could see Robin, 2 hobgoblins and 2 goblins.

Vanquished Creatures
  A bat (D:1)
  6 goblins
  A hobgoblin (D:3)
  2 jackals (D:2)
  3 ball pythons
  A rat (D:1)
14 creatures vanquished.

Notes
Turn   | Place    | Note
-------+----------+-------------------------------------------
     0 | D:1      | browni3141 the Minotaur Fighter began the quest for the
                  | Orb.
     0 | D:1      | Reached XP level 1. HP: 19/19 MP: 0/0
    80 | D:2      | Reached XP level 2. HP: 27/27 MP: 1/1
   146 | D:3      | Noticed Robin
   152 | D:3      | Succumbed to a goblin's poison

Illustrated notes

Levels and vault maps discovered:
D:1:      minmay_arrival_semitransparent, layout_basic, st_stairs_12,
          hangedman_abyss_or_decor_stabs, chequers_serial_rivers_small_b
D:2:      layout_basic, basic_altar, basic_ecumenical_altar, minmay_tetromino_s2
D:3:      layout_basic, uniq_robin, uniq_grinder, uniq_pargi, uniq_ijyb

Skill      XL: |  1  2 |
---------------+-------+-----
Axes           | 3 |  3.0
Fighting       | |  3.8
Armour         | |  3.8
Shields        | |  3.8

Action                     || total
---------------------------++-------
  Melee: War axe           ||    20
         Headbutt          ||     2
 Armour: Scale mail        ||    18
  Dodge: Dodged            ||    17
  Block: Buckler           ||     8
